 Dungeon Crawl Stone Soup version 0.22-a0-782-g038298e (webtiles) character file.

6460 opiumtea the Fighter (level 10, 0/97 HPs)
             Began as a Minotaur Berserker on July 20, 2018.
             Was a Priest of Trog.
             Slain by a komodo dragon (17 damage)
             ... on level 1 of the Lair of Beasts.
             The game lasted 00:36:05 (12985 turns).

opiumtea the Fighter (Minotaur Berserker)          Turns: 12985, Time: 00:36:06

Health: 0/97       AC:  7    Str: 26    XL:     10   Next: 67%
Magic:  0/17       EV: 10    Int:  4    God:    Trog [***...]
Gold:   634        SH:  0    Dex:  7    Spells: 9/9 levels left

rFire    + . .     SeeInvis .   a - +2 battleaxe (flame)
rCold    x . .     Gourm    +   (shield currently unavailable)
rNeg     + . .     Faith    .   v - +1 scale mail {rN+}
rPois    .         Spirit   +   (helmet restricted)
rElec    +         Reflect  .   y - scarf {Spirit}
rCorr    .         Harm     .   (no gloves)
MR       .....     Clarity  +   (no boots) Stlth +.........Rnd*Tele +
                                f - amulet of the gourmand
HPRegen  0.26/turn              i - ring of fire
MPRegen  0.15/turn              e - ring of stealth

@: no status effects
A: retaliatory headbutt, horns 2, clarity, clumsy 1, electricity resistance,
teleportitis 1
a: Berserk, Trog's Hand, Renounce Religion


You were on level 1 of the Lair of Beasts.
You worshipped Trog.
Trog was most pleased with you.
You were full.

You visited 2 branches of the dungeon, and saw 11 of its levels.
You also visited: Bailey.

You collected 634 gold pieces.

Inventory:

Hand Weapons
 a - a +2 battleaxe of flaming (weapon)
 k - a +3 hunting sling of freezing
Missiles
 b - 26 sling bullets
 B - 74 stones (quivered)
Armour
 j - a +1 chain mail
 v - a +1 scale mail of positive energy (worn)
 x - a cursed +0 helmet
 y - a scarf of spirit shield (worn)
Jewellery
 e - a ring of stealth (right hand)
 f - an amulet of the gourmand (around neck)
 i - a ring of fire (left hand)
Wands
 s - a wand of random effects (35)
 u - a wand of iceblast (7)
 A - a wand of flame (19)
Scrolls
 l - a scroll of vulnerability {unknown}
 q - 2 scrolls of enchant armour
 r - a scroll of teleportation
 t - 4 scrolls of remove curse
Potions
 d - 2 potions of flight
 g - a potion of haste
 h - 5 potions of curing
 m - 2 potions of lignification {unknown}
 n - a potion of invisibility {unknown}
 o - 2 potions of heal wounds {unknown}
 p - a potion of brilliance {unknown}
 w - a potion of degeneration {unknown}
 z - a potion of berserk rage {unknown}
Comestibles
 c - 20 rations


   Skills:
 - Level 12.1 Fighting
 - Level 7.0 Axes
 + Level 0.0 Slings
 - Level 2.4 Armour
 - Level 2.1 Dodging
 - Level 10.9 Evocations


You had 9 spell levels left.
You didn't know any spells.
Your spell library was empty.

Dungeon Overview and Level Annotations

Branches:
Dungeon (9/15)             Temple (0/1) D:7            Lair (2/6) D:9
  Swamp: Lair:2-4    Shoals: Lair:2-4     Snake: Lair:2-4    Spider: Lair:2-4
    Orc: D:9-12

Altars:
Dithmenos
Kikubaaqudgha

Annotations:
D:4 Prince Ribbit


Innate Abilities, Weirdness & Mutations

You reflexively headbutt those who attack you in melee.
You have a pair of horns on your head.
You possess an exceptional clarity of mind.
You are clumsy. (Dex -2)
You are resistant to electric shocks. (rElec)
You are occasionally teleported next to monsters.


Message History

You closely miss the water moccasin.
The water moccasin is moderately wounded.
You slash the komodo dragon! You burn the komodo dragon.
The water moccasin closely misses you. The komodo dragon bites you!!
The water moccasin barely misses you. The komodo dragon bites you!
There are no items here.
You can't go down here!
The water moccasin bites you but does no damage.
The komodo dragon bites you!
You climb upwards.
There is a stone staircase leading down here.
Okay, then.
Okay, then.
The water moccasin bites you but does no damage.
The water moccasin bites you. The komodo dragon bites you!!
* * * LOW HITPOINT WARNING * * *
The water moccasin bites you.
* * * LOW HITPOINT WARNING * * *
The komodo dragon bites you!!
You die...

....## #..###........###
.....# #..# ###.######
.....# #.## ### ## .....#
####.### ######. ....##
###......### ##.#....
.....# #......#...##
###....... ....##
##...#.#.....####.........
....#
#...####...#...P#.....)...
...##
##..####..@..##..#.........
..#####...#
#.#l.S####...........
..###.##.## ####>##
###......... ..#...####
##.# #......... ......#
##### ### ####......
.P....###..P# ###....
##.....#....## #<##P
##...#......### #.###
#............# ##)#


You could see a komodo dragon and a water moccasin.

Vanquished Creatures
  Pikel (D:5)
  A hippogriff (D:9)
  A spriggan (D:8)
  9 yaks
  A hungry ghost (D:8)
  2 hell hounds (D:9)
  2 porcupines (Lair:1)
  A sky beast (D:9)
  4 orc warriors
  A black bear (D:8)
  A phantom (D:6)
  3 ice beasts
  An eye of draining (D:9)
  3 crocodiles
  4 centaurs
  A big kobold (D:9)
  3 bullfrogs
  3 scorpions
  5 killer bees (D:7)
  6 wights (D:9)
  3 crimson imps
  2 howler monkeys
  A bullfrog zombie (D:8)
  3 hounds
  A bullfrog skeleton (D:5)
  A centaur skeleton (D:5)
  2 orc priests
  2 jellies
  5 iguanas
  6 orc wizards
  9 worker ants
  A killer bee zombie (D:7)
  A hound zombie (D:4)
  3 gnolls (D:7)
  11 adders
  3 oozes
  An adder zombie (D:5)
  3 worms
  2 leopard geckos
  22 orcs
  A ball python (D:6)
  4 giant cockroaches
  12 goblins
  9 hobgoblins
  3 jackals (D:6)
  14 kobolds
  4 quokkas
  7 bats
  7 frilled lizards
  A leopard gecko skeleton (D:8)
  A leopard gecko zombie (D:7)
  2 quokka skeletons
  5 rats
  A fungus (Lair:1)
  A plant (Lair:1)
207 creatures vanquished.

Vanquished Creatures (collateral kills)
  Joseph (Lair:1)
  A wight (D:9)
  4 goblins (D:9)
6 creatures vanquished.

Vanquished Creatures (others)
  An ice beast (D:5)
  A slave (D:5)
  A frilled lizard (D:5)
3 creatures vanquished.

Grand Total: 216 creatures vanquished

Notes
Turn   | Place    | Note
-------+----------+-------------------------------------------
     0 | D:1      | opiumtea the Minotaur Berserker began the quest for the Orb.
     0 | D:1      | Reached XP level 1. HP: 19/19 MP: 0/0
    91 | D:1      | Reached skill level 4 in Fighting
   364 | D:1      | Reached XP level 2. HP: 28/28 MP: 1/1
   757 | D:1      | Reached skill level 5 in Fighting
   960 | D:2      | Reached XP level 3. HP: 33/36 MP: 2/2
   999 | D:2      | Reached ** piety under Trog
  1335 | D:2      | Reached XP level 4. HP: 43/44 MP: 3/3
  1336 | D:2      | Reached skill level 6 in Fighting
  1691 | D:3      | You fall through a shaft for 2 floors!
  1691 | D:5      | Entered Level 5 of the Dungeon
  1910 | D:4      | Reached skill level 5 in Axes
  1910 | D:4      | Reached XP level 5. HP: 30/50 MP: 4/4
  2487 | D:3      | Reached *** piety under Trog
  2611 | D:3      | Reached XP level 6. HP: 57/57 MP: 5/5
  3804 | D:5      | Noticed an ice beast
  3911 | D:5      | Found an ancient bone altar of Kikubaaqudgha.
  3919 | D:5      | Reached skill level 1 in Evocations
  3954 | D:5      | Noticed Prince Ribbit
  4628 | D:5      | Noticed Pikel
  4628 | D:5      | Noticed a slave
  4628 | D:5      | Noticed a slave
  4628 | D:5      | Noticed a slave
  4632 | D:5      | Noticed an ice beast
  4634 | D:5      | Noticed a slave
  4635 | D:5      | Killed Pikel
  4635 | D:5      | Reached skill level 5 in Evocations
  4635 | D:5      | Reached XP level 7. HP: 42/63 MP: 7/10
  5123 | D:5      | Reached XP level 8. HP: 43/70 MP: 11/11
  5840 | D:6      | Reached **** piety under Trog
  5891 | D:6      | Reached XP level 9. HP: 75/75 MP: 12/14
  6890 | D:7      | Reached skill level 10 in Evocations
  7901 | D:7      | Found a staircase to the Ecumenical Temple.
  8230 | D:7      | Received a gift from Trog
  8581 | D:8      | Reached skill level 7 in Fighting
  9131 | D:8      | Reached skill level 8 in Fighting
  9162 | D:8      | Reached XP level 10. HP: 88/88 MP: 17/17
  9545 | D:9      | Reached skill level 9 in Fighting
  9671 | D:9      | Found a flagged portal.
  9796 | Bailey   | Entered a bailey
  9796 | Bailey   | Noticed an orc knight
  9808 | Bailey   | Noticed an orc knight
  9820 | Bailey   | HP: 3/92 [orc warrior/spear (12)]
 10288 | D:9      | Found a staircase to the Lair.
 10302 | D:9      | Reached skill level 10 in Fighting
 11222 | D:9      | Reached skill level 11 in Fighting
 11394 | D:9      | Found a shadowy altar of Dithmenos.
 11394 | D:9      | Noticed a deep elf mage
 11394 | D:9      | Noticed a two-headed ogre
 11718 | Lair:1   | Entered Level 1 of the Lair of Beasts
 11973 | Lair:1   | Noticed Joseph
 11985 | Lair:1   | Killed Joseph
 11985 | Lair:1   | Reached skill level 12 in Fighting
 12331 | Lair:1   | Gained mutation: You are occasionally teleported next to monsters. [potion of mutation]
 12331 | Lair:1   | Gained mutation: You are dopey. (Int -2) [potion of mutation]
 12331 | Lair:1   | Gained mutation: Your magical capacity is low. (-10% MP) [potion of mutation]
 12331 | Lair:1   | Gained mutation: You are resistant to electric shocks. (rElec) [potion of mutation]
 12332 | Lair:1   | Lost mutation: Your magical capacity is low. (-10% MP) [potion of mutation]
 12332 | Lair:1   | Lost mutation: You are dopey. (Int -2) [potion of mutation]
 12332 | Lair:1   | Gained mutation: You are clumsy. (Dex -2) [potion of mutation]
 12332 | Lair:1   | Gained mutation: You possess an exceptional clarity of mind. [potion of mutation]
 12359 | Lair:1   | Found a dark tunnel.
 12985 | Lair:1   | Slain by a komodo dragon

Vault maps used:
D:1:      minmay_arrival_three_doors
D:3:      first_ration, minivault_4, solitary_fountain
D:5:      lemuel_crystal_altar, uniq_prince_ribbit1, uniq_pikel
D:7:      lemuel_temple_firewalk_b
D:8:      the_bakery, hangedman_abyss_or_decor_passed
D:9:      minmay_lair_entry_lava, basic_altar, enter_bailey_3,
          david_defended_altar_elf
Lair:1:   enter_volcano_2, grunt_megastairs_4, uniq_joseph
Lair:2:   spider_nest_entry_rubble, grunt_forest_stairs_clearing,
          serial_bayou_shore_b
Bailey:   bailey_polearm_4, bailey

Skill      XL: |  1  2  3  4  5  6  7  8  9 10 |
---------------+-------------------------------+-----
Fighting       | 4 5 6 8 12 | 12.1
Axes           | 5 6 7 |  7.0
Evocations     | 5 6 8 10 | 10.9
Armour         | |  2.4
Dodging        | |  2.1

Action                   |  1- 3 |  4- 6 |  7- 9 | 10-12 || total
-------------------------+-------+-------+-------+-------++-------
Melee: Hand axe          |    82 |   166 |   117 |       ||   365
       Headbutt          |    15 |    23 |    48 |    24 ||   110
       War axe           |       |       |   112 |       ||   112
       Battleaxe         |       |       |    28 |   135 ||   163
Invok: Berserk           |     1 |     1 |     1 |       ||     3
       Brothers in Arms  |       |       |       |     2 ||     2
Evoke: Wand              |       |     8 |    18 |     4 ||    30
  Use: Scroll            |     2 |       |    10 |     7 ||    19
       Potion            |       |       |     1 |     3 ||     4
  Eat: Chunk             |     5 |     7 |    30 |     8 ||    50
       Ration            |     2 |       |     1 |       ||     3
Armor: Animal skin       |     1 |       |       |       ||     1
       Leather armour    |     4 |    10 |       |       ||    14
       Chain mail        |       |    51 |   109 |       ||   160
       Scale mail        |       |       |    24 |    65 ||    89
Dodge: Dodged            |    45 |    52 |   112 |    77 ||   286

Table legend:
 A = Spawn XP
 B = Non-spawn XP
 C = Spawn XP percentage of total XP
 D = Spawn monster count
 E = Non-spawn monster count
 F = Spawn count percentage of total count
 G = Total turns spent on level
                    A         B        C        D         E        F      G
               +---------+---------+-------+---------+---------+-------+---------
         Total |       0 |    9229 |   0.0 |       0 |     211 |   0.0 | 12985
               +---------+---------+-------+---------+---------+-------+---------
           D:1 |       0 |      36 |   0.0 |       0 |      20 |   0.0 |   956
           D:2 |       0 |      66 |   0.0 |       0 |      22 |   0.0 |   551
           D:3 |       0 |     106 |   0.0 |       0 |      24 |   0.0 |  1544
           D:4 |       0 |     259 |   0.0 |       0 |      17 |   0.0 |  1124
           D:5 |       0 |    1394 |   0.0 |       0 |      15 |   0.0 |  1443
           D:6 |       0 |    1609 |   0.0 |       0 |      21 |   0.0 |   726
           D:7 |       0 |    1107 |   0.0 |       0 |      31 |   0.0 |  2038
           D:8 |       0 |    1352 |   0.0 |       0 |      22 |   0.0 |  1157
           D:9 |       0 |    2532 |   0.0 |       0 |      33 |   0.0 |  2153
        Lair:1 |       0 |     629 |   0.0 |       0 |       4 |   0.0 |  1256
        Bailey |       0 |     139 |   0.0 |       0 |       2 |   0.0 |    26
               +---------+---------+-------+---------+---------+-------+---------
